AoeStats
← Quadless

MegaRandom

503883036Analyzed
2v2 RM · 29d ago on Sep 2, 2026· 39m 57s· 4 players
Game mode
Random Map
Map size
Medium (4 player)
Population
200
Speed
Normal
Resources
Standard
Victory
Conquest
Starting age
Dark Age
Ending age
Imperial Age
RankedLock teamsTeams togetherTeam positionsShared explorationLock speedFull tech treeHidden civsTurbo modeCheats
Victory
Defeat
🇺🇸 Celts · United States
881
+13
🇪🇪 Poles · Estonia
840
+15
🇩🇪 Franks · Germany
852
-42
🇩🇪 Britons · Germany
794
-33
PotHead
0:31 Loom
Landogz
9:41 Feudal Age
9:49 Man-at-Arms
10:25 Double-Bit Axe
11:19 Loom
11:34 Arson
17:06 Wheelbarrow
16:56 Forging
16:52 Scale Barding Armor
16:49 Scale Mail Armor
22:50 Castle Age
22:03 Gold Mining
22:04 Horse Collar
25:38 Hand Cart
25:09 Town Watch
25:00 Long Swordsman
25:00 Pikeman
26:53 Town Patrol
27:06 Stronghold
28:15 Iron Casting
27:55 Chain Mail Armor
29:50 Bow Saw
29:50 Gambesons
32:56 Imperial Age
34:28 Two-Handed Swordsman
34:28 Halberdier
36:19 Hoardings
39:56 Spies/Treason
Quadless
2:31 Loom
10:55 Feudal Age
13:05 Wheelbarrow
12:33 Double-Bit Axe
13:06 Scale Barding Armor
21:39 Scale Mail Armor
25:13 Stone Mining
29:33 Castle Age
29:06 Forging
32:23 Husbandry
audi82
3:57 Loom
13:28 Feudal Age
16:37 Padded Archer Armor
26:16 Castle Age
24:27 Fletching
24:26 Man-at-Arms
24:59 Arson
26:19 Crossbowman
26:23 Elite Skirmisher
Connection lost

Rejoining the realm…

Still unreachable

The connection could not be restored.

Session expired

The server has moved on; the page needs a fresh start.